 Dungeon Crawl Stone Soup version 0.14-a0-2810-g474977d (webtiles) character file.

149 Michaellaneous the Magician (level 3, -11/19 HPs)
             Began as a Deep Elf Wizard on Feb 25, 2014.
             Killed by divine providence
             ... invoked by an orc priest
              (17 damage)
             ... on Level 3 of the Dungeon.
             The game lasted 00:10:55 (2144 turns).

Michaellaneous the Magician (Deep Elf Wizard)       Turns: 2144, Time: 00:10:55

HP -11/19        AC  3     Str  4      XL: 3   Next: 73%
MP  15/15        EV 12     Int 23      God:
Gold 92          SH  0     Dex 13      Spells:  2 memorised, 11 levels left

rFire  . . .     SeeInvis .     s - +0 short sword
rCold  . . .     Clarity  .     t - +0 elf robe
rNeg   . . .     Conserve .     (no shield)
rPois  .         rCorr    .     b - +0 elf hat
rElec  .         rRot     .     j - +0 orc cloak
SustAb . .       Spirit   .     (no gloves)
rMut   .         Warding  .     (no boots)
Saprov . . .     Stasis   .     (no amulet)
MR     .....                    (no ring)
                                (no ring)

@: not resistant to hostile enchantments, fairly stealthy
A: no striking features
a: no special abilities


You were on level 3 of the Dungeon.
You were not hungry.

You visited 1 branch of the dungeon, and saw 3 of its levels.

You collected 92 gold pieces.

Inventory:

Hand weapons
 m - a +0,+0 dagger
 s - a +0,+0 short sword (weapon)
Armour
 b - a +0 elven hat (worn)
 j - a +0 orcish cloak (worn)
 t - a +0 elven robe (worn)
Comestibles
 q - 2 bread rations
Scrolls
 d - 2 scrolls of identify {unknown}
 f - a scroll of curse jewellery {unknown}
 h - 2 scrolls of magic mapping {unknown}
 l - a scroll of fear {unknown}
 n - a scroll of immolation {unknown}
 o - a scroll of curse armour {unknown}
 p - 3 scrolls of teleportation {unknown}
 r - a scroll of curse weapon {unknown}
 v - a scroll of recharging {unknown}
Potions
 e - 2 potions of might {unknown}
 g - 2 potions of curing {unknown}
 i - 2 potions of heal wounds {unknown}
 k - a potion of blood
 u - a potion of berserk rage {unknown}
Books
 c - a book of Minor Magic

   Spells                             Type                      Level
   *Magic Dart                        Conjuration                  1
   *Blink                             Translocation                2
   Call Imp                           Summoning                    2
   Repel Missiles                     Charms/Air                   2
   Slow                               Hexes                        2
   Conjure Flame                      Conjuration/Fire             3
   Mephitic Cloud                     Conjuration/Poison/Air       3


   Skills:
 - Level 2.5 Dodging
 + Level 3.3 Stealth
 * Level 6.1 Spellcasting
 - Level 1.1 Conjurations
   Level 1.1 Summonings
 - Level 1.1 Translocations


You had 11 spell levels left.
You knew the following spells:

 Your Spells              Type           Power        Failure   Level  Hunger
a - Magic Dart            Conj           ##..         6%          1    None
b - Blink                 Tloc           N/A          10%         2    None


Dungeon Overview and Level Annotations

Branches:
Dungeon (3/16)

Altars:

Annotations:
D:3 1 exclusion, Terence


Message History

An orc and an orc priest come into view.
The orc priest shouts!
The orc priest invokes the aid of Beogh against you.
Something smites you!
Ouch! That really hurt!
* * * LOW HITPOINT WARNING * * *
Casting: Magic Dart
Confirm with . or Enter, or press ? or * to list all spells.
Aiming: Magic Dart
Press: ? - help, Shift-Dir - straight line, f - orc
Aim: an orc, wielding a flail and wearing an orcish ring mail The magic dart hits the orc.
Casting: Magic Dart
Confirm with . or Enter, or press ? or * to list all spells.
You don't know that spell.
All of the chunks of flesh in your inventory have completely rotted away.
The orc priest calls down the wrath of Beogh upon you.
Something smites you!
Ouch! That really hurt!
You die...

#.# #.# #.#
#.####.#####o#
#........oo..#
######o####### #...# #
###..o### ...
#....o..######.....#
#..............#
#.....@.######.# #
#.#.%.### .##.##
#.#.%.## #.#)..#
#.##...######........
#...........<.#......
#.#.#####.###.........
##. #.##.......... #.
#.......##.###
#.##...## #


You could see an orc priest and 2 orcs.

Vanquished Creatures
  2 adders (D:2)
  A worm (D:2)
  2 giant geckos (D:1)
  4 hobgoblins (D:1)
  A quokka (D:2)
  A ball python (D:2)
  5 bats
  2 giant newts
  3 goblins
  4 jackals (D:3)
  3 kobolds (D:1)
  3 rats
31 creatures vanquished.

Notes
Turn   | Place    | Note
--------------------------------------------------------------
     0 | D:1      | Michaellaneous, the Deep Elf Wizard, began the quest for the Orb.
     0 | D:1      | Reached XP level 1. HP: 10/10 MP: 6/6
   140 | D:1      | Reached skill level 5 in Spellcasting
   140 | D:1      | Reached XP level 2. HP: 15/15 MP: 1/11
   897 | D:2      | Reached XP level 3. HP: 13/19 MP: 8/14
  1321 | D:2      | Reached skill level 6 in Spellcasting
  2017 | D:3      | Learned a level 2 spell: Blink
  2078 | D:3      | Noticed Terence
  2144 | D:3      | Killed from afar by an orc priest

Action                   || total
-------------------------++-------
 Cast: Magic Dart        ||    82
